 Dungeon Crawl Stone Soup version 0.21.1-1-g345015f (webtiles) character file.

5273 Heatsaber the Cleaver (level 10, -1/81 HPs)
             Began as a Minotaur Fighter on May 23, 2018.
             Was a Believer of Okawaru.
             Slain by a hellwing (11 damage)
             ... on level 8 of the Dungeon.
             The game lasted 00:23:07 (6224 turns).

Heatsaber the Cleaver (Minotaur Fighter)            Turns: 6224, Time: 00:23:08

Health: -1/81      AC: 10    Str: 29 (30) XL:     10   Next: 36%
Magic:  10/10      EV:  9    Int:  6 (7)  God:    Okawaru [**....]
Gold:   267        SH: 14    Dex:  6 (9)  Spells: 9/9 levels left

rFire    . . .     SeeInvis .   a - +0 war axe
rCold    + . .     Gourm    .   c - +0 shield
rNeg     . . .     Faith    .   j - +2 scale mail {rC+}
rPois    .         Spirit   .   (helmet restricted)
rElec    .         Reflect  +   (no cloak)
rCorr    .         Harm     .   (no gloves)
MR       .....                  (no boots)
Stlth    ..........             l - +3 amulet of reflection
HPRegen  0.23/turn              (no ring)
MPRegen  0.12/turn              (no ring)

@: mighty
A: retaliatory headbutt, horns 2, clever 1, frail 1
a: Heroism, Renounce Religion


You were on level 8 of the Dungeon.
You worshipped Okawaru.
Okawaru was pleased with you.
You were hungry.

You visited 2 branches of the dungeon, and saw 9 of its levels.

You collected 267 gold pieces.

Inventory:

Hand Weapons
 a - a +0 war axe (weapon)
 y - a +1 hand axe of flaming
Missiles
 d - 3 tomahawks (quivered)
Armour
 c - a +0 shield (worn)
 j - a +2 scale mail of cold resistance (worn)
Jewellery
 l - a +3 amulet of reflection (around neck)
Wands
 b - a wand of enslavement (6)
 g - a wand of polymorph (7)
Scrolls
 n - 2 scrolls of immolation
 o - 2 scrolls of fear
 q - 5 scrolls of remove curse
Potions
 h - a potion of agility
 k - 2 potions of brilliance
 p - a potion of might
Books
 r - a book of Misfortune

   Spells                             Type                      Level
   a - Confusing Touch                Hexes                        1
   b - Confuse                        Hexes                        3
   c - Gell's Gravitas                Translocation                3
   d - Petrify                        Transmutation/Earth          4
   e - Metabolic Englaciation         Hexes/Ice                    5
   f - Yara's Violent Unravelling     Hexes/Transmutation          5
 u - a book of Minor Magic

   Spells                             Type                      Level
   a - Magic Dart                     Conjuration                  1
   b - Blink                          Translocation                2
   c - Call Imp                       Summoning                    2
   d - Slow                           Hexes                        2
   e - Conjure Flame                  Conjuration/Fire             3
   f - Mephitic Cloud                 Conjuration/Poison/Air       3
Comestibles
 f - 14 rations


   Skills:
 + Level 9.0 Fighting
 * Level 11.5 Axes
 + Level 9.0 Armour
 + Level 8.9 Shields
 + Level 2.4 Invocations


You had 9 spell levels left.
You didn't know any spells.

Dungeon Overview and Level Annotations

Branches:
Dungeon (8/15)             Temple (1/1) D:7
   Lair: D:8-11

Altars:
Cheibriados
Elyvilon
Fedhas
Gozag
Hepliaklqana
Kikubaaqudgha
Makhleb
Nemelex Xobeh
Okawaru
Ru
Sif Muna
Trog
Vehumet
Wu Jian
Xom
Yredelemnul
The Shining One


Innate Abilities, Weirdness & Mutations

You reflexively headbutt those who attack you in melee.
You have a pair of horns on your head.
Your mind is acute. (Int +2)
You are frail. (-10% HP)


Message History

The hellwing is moderately wounded.
You slash the centaur warrior skeleton! The hellwing closely misses you.
You furiously retaliate!
You headbutt the hellwing! The hellwing closely misses you.
You block the centaur warrior skeleton's attack.
You slice the hellwing!!
The hellwing is almost dead.
You slash the centaur warrior skeleton! The centaur warrior skeleton hits you.
* * * LOW HITPOINT WARNING * * *
You block the hellwing's attack. x2
You barely miss the hellwing.
The hellwing is almost dead.
You slash the centaur warrior skeleton!
You destroy the centaur warrior skeleton!
Okawaru is honoured by your kill.
You feel your strength returning.
Your Fighting skill increases to level 9!
Your Armour skill increases to level 9!
The hellwing hits you!
You die...

########## #.# #.#
#.#
...##############.#
..................#
...####.###########
#..# ##.#######
#...4@.4#
#.#####.##
#.....8...#..#
#.88......8P#.#
..PP...........#
....P.P.P....8.#
.........8.P...#
...88PZ.....88.#
....Z.(∩.......#


You could see 2 hellwings.

Vanquished Creatures
  A two-headed ogre (D:8)
  A wolf spider zombie (D:8)
  The ghost of Zorot the Ruffian, a novice VSGl of Makhleb (D:8)
  Joseph (D:7)
  The ghost of fly the Poker, an amateur OgFi of Vehumet (D:4)
  A hippogriff (D:7)
  Eustachio (D:6)
  Duvessa (D:4)
  A swamp drake (D:4)
  2 hornet zombies (D:8)
  2 sky beasts
  A black bear (D:6)
  An ogre (D:5)
  An ice beast (D:7)
  A necrophage (D:5)
  2 centaurs
  2 bullfrogs
  2 wyvern skeletons (D:8)
  2 scorpions
  5 wights (D:8)
  A killer bee (D:4)
  A howler monkey (D:4)
  A crimson imp (D:6)
  2 quasits (D:6)
  A bullfrog skeleton (D:8)
  4 orc wizards
  2 orc priests
  A hound (D:4)
  2 centaur skeletons
  2 iguanas
  4 worker ants
  2 hound skeletons
  A howler monkey zombie (D:2)
  A worker ant zombie (D:5)
  2 adders
  15 gnolls
  A river rat (D:5)
  3 shadow imps (D:8)
  2 dart slugs (D:2)
  6 worms
  2 leopard geckos
  17 orcs
  4 ball pythons
  3 giant cockroaches
  5 goblins
  3 hobgoblins
  6 jackals
  2 quokkas
  2 bats
  6 frilled lizards
  A jackal zombie (D:6)
  A kobold (D:2)
  A leopard gecko zombie (D:8)
  8 rats
145 creatures vanquished.

Vanquished Creatures (others)
  A human (D:2)
  A centaur (D:8)
2 creatures vanquished.

Grand Total: 147 creatures vanquished

Notes
Turn   | Place    | Note
-------+----------+-------------------------------------------
     0 | D:1      | Heatsaber the Minotaur Fighter began the quest for the Orb.
     0 | D:1      | Reached XP level 1. HP: 19/19 MP: 0/0
   169 | D:1      | Reached XP level 2. HP: 22/27 MP: 1/1
   310 | D:1      | Reached skill level 3 in Axes
   498 | D:2      | Reached XP level 3. HP: 28/33 MP: 2/2
   519 | D:2      | Found a white marble altar of Elyvilon.
   705 | D:2      | Found an ornate altar of the Wu Jian Council.
   914 | D:2      | Found an ancient bone altar of Kikubaaqudgha.
   935 | D:2      | Noticed a human
   936 | D:2      | Killed a human
  1402 | D:4      | Reached XP level 4. HP: 19/40 MP: 3/3
  1608 | D:4      | Noticed fly's ghost (amateur OgFi)
  1614 | D:4      | Reached skill level 4 in Axes
  1621 | D:4      | Killed fly's ghost
  1621 | D:4      | Reached skill level 5 in Fighting
  1621 | D:4      | Reached skill level 5 in Axes
  1621 | D:4      | Reached skill level 5 in Armour
  1621 | D:4      | Reached skill level 5 in Shields
  1621 | D:4      | Reached XP level 5. HP: 44/48 MP: 4/4
  1621 | D:4      | Reached XP level 6. HP: 51/56 MP: 5/5
  1639 | D:4      | Noticed Duvessa
  1654 | D:4      | Killed Duvessa
  1654 | D:4      | Reached skill level 6 in Axes
  1654 | D:4      | Reached XP level 7. HP: 16/61 MP: 6/6
  1664 | D:5      | Entered Level 5 of the Dungeon
  1971 | D:4      | Noticed Dowan
  1975 | D:4      | Noticed Dowan
  1998 | D:4      | Killed Dowan the swamp drake
  2902 | D:5      | Reached skill level 7 in Axes
  3251 | D:5      | Reached XP level 8. HP: 37/70 MP: 7/7
  3456 | D:5      | Reached skill level 8 in Axes
  4049 | D:6      | Noticed Eustachio
  4072 | D:6      | Killed Eustachio
  4352 | D:6      | Reached skill level 9 in Axes
  4612 | D:7      | Noticed a hippogriff
  4619 | D:7      | Killed a hippogriff
  4619 | D:7      | Reached XP level 9. HP: 73/78 MP: 8/8
  4854 | D:7      | Noticed Joseph
  4871 | D:7      | Killed Joseph
  4916 | D:7      | Found a radiant altar of Vehumet.
  5129 | D:7      | Found a staircase to the Ecumenical Temple.
  5139 | Temple   | Entered the Ecumenical Temple
  5174 | Temple   | Became a worshipper of Warmaster Okawaru
  5397 | D:8      | Noticed Zorot's ghost (novice VSGl)
  5415 | D:8      | Killed Zorot's ghost
  5415 | D:8      | Reached * piety under Okawaru
  5415 | D:8      | Reached skill level 10 in Axes
  5710 | D:8      | Noticed a two-headed ogre
  5735 | D:8      | Killed a two-headed ogre
  5735 | D:8      | Reached skill level 11 in Axes
  5735 | D:8      | Reached skill level 1 in Invocations
  5735 | D:8      | Reached XP level 10. HP: 89/89 MP: 6/10
  5792 | D:8      | Got a jewelled leather armour
  5803 | D:8      | Identified the +2 leather armour "Qoobuq" {Stlth+} (You found it on level 8 of the Dungeon)
  6196 | D:8      | Reached ** piety under Okawaru
  6220 | D:8      | Gained mutation: You are frail. (-10% HP) [potion of mutation]
  6220 | D:8      | Gained mutation: Your mind is acute. (Int +2) [potion of mutation]
  6224 | D:8      | Slain by a hellwing

Skill      XL: |  1  2  3  4  5  6  7  8  9 10 |
---------------+-------------------------------+-----
Axes           | 3 5 6 7 9 11 | 11.5
Fighting       | 4 5 6 7 8 9 |  9.0
Armour         | 4 5 6 7 8 9 |  9.0
Shields        | 4 5 6 7 8 |  8.9
Invocations    | 1 2 |  2.4

Action                   |  1- 3 |  4- 6 |  7- 9 | 10-12 || total
-------------------------+-------+-------+-------+-------++-------
Melee: War axe           |   109 |    36 |   323 |    55 ||   523
       Headbutt          |    15 |     6 |    64 |     8 ||    93
Throw: Tomahawk          |       |       |       |     1 ||     1
Invok: Heroism           |       |       |     2 |     2 ||     4
Evoke: Wand              |       |       |     3 |       ||     3
  Use: Potion            |       |     1 |     3 |     5 ||     9
       Scroll            |       |       |     7 |     4 ||    11
  Eat: Chunk             |     1 |     1 |    14 |     1 ||    17
Armor: Scale mail        |    44 |    10 |    91 |    27 ||   172
       Skin              |       |       |       |     5 ||     5
Dodge: Dodged            |    29 |     6 |    71 |    26 ||   132
Block: Shield            |    53 |    19 |   222 |    70 ||   364
       Reflection        |       |       |     8 |       ||     8
